AoeStats
← RealTortoise297

Black Forest

505769275Analyzed
1v1 RM · 21d ago on Sep 11, 2026· 37m 30s· 2 players
Game mode
Random Map
Map size
Tiny (2 player)
Population
200
Speed
Normal
Resources
Standard
Victory
Conquest
Starting age
Dark Age
Ending age
Imperial Age
RankedLock teamsTeams togetherTeam positionsShared explorationLock speedFull tech treeHidden civsTurbo modeCheats
Victory
Defeat
🇧🇷 Hindustanis · Brazil
781
+15
🇺🇸 Celts · United States
766
-38
RealTortoise297
7:00 Loom
13:17 Feudal Age
13:51 Double-Bit Axe
14:46 Horse Collar
18:44 Man-at-Arms
21:56 Fletching
22:08 Scale Mail Armor
22:15 Scale Mail Armor
22:35 Forging
23:59 Wheelbarrow
24:09 Wheelbarrow
30:14 Castle Age
33:24 Gambesons
Tomate
5:56 Loom
12:27 Feudal Age
12:55 Double-Bit Axe
13:19 Horse Collar
14:19 Man-at-Arms
19:05 Bloodlines
19:45 Scale Barding Armor
24:05 Castle Age
22:42 Stone Mining
23:32 Scale Mail Armor
24:08 Elite Skirmisher
24:14 Long Swordsman
24:21 Light Cavalry
26:36 Bow Saw
27:04 Forging
27:18 Husbandry
27:25 Gold Mining
28:52 Squires
33:59 Imperial Age
36:25 Wheelbarrow
35:45 Town Watch
38:09 Padded Archer Armor
Connection lost

Rejoining the realm…

Still unreachable

The connection could not be restored.

Session expired

The server has moved on; the page needs a fresh start.